 Dungeon Crawl Stone Soup version 0.21.1-1-g345015fe64 (webtiles) character file.

3588 Fascinator the Fighter (level 9, -3/82 HPs)
             Began as a Mummy Chaos Knight on June 23, 2018.
             Splashed by a jelly's acid (10 damage)
             ... on level 8 of the Dungeon.
             The game lasted 00:29:19 (9760 turns).

Fascinator the Fighter (Mummy Chaos Knight)         Turns: 9760, Time: 00:29:23

Health: -3/82      AC: -6    Str: 18    XL:     9   Next: 85%
Magic:  16/16      EV: 11    Int: 11    God:    Xom [.*....]
Gold:   501        SH:  0    Dex: 19    Spells: 18/18 levels left

rFire    x . .     SeeInvis .   j - -1 spear (freeze) (curse)
rCold    . . .     Gourm    .   (no shield)
rNeg     + + +     Faith    +   b - +3 leather armour
rPois    ∞         Spirit   .   (no helmet)
rElec    .         Reflect  .   (no cloak)
rCorr    .         Harm     .   r - +1 pair of gloves of Knowledge {rC- Dex+7}
MR       +....                  g - +0 pair of boots
Stlth    +.........             i - amulet of faith
HPRegen  0.23/turn              m - +6 ring of slaying
MPRegen  0.15/turn              (no ring)

@: corroded
A: no food or potions, fire vulnerability, cold resistance 1, negative energy
resistance 3, torment resistance, unbreathing
a: Renounce Religion


You were on level 8 of the Dungeon.
You worshipped Xom.
You were a plaything of Xom.
You were not hungry.

You visited 2 branches of the dungeon, and saw 9 of its levels.

You collected 501 gold pieces.

Inventory:

Hand Weapons
 a - a +1 hand axe of chaos
 j - a cursed -1 spear of freezing (weapon)
 n - a +0 whip
 u - a +3 falchion
 v - a +4 war axe
 x - a cursed +2 morningstar
Missiles
 e - 154 stones (quivered)
 l - 2 throwing nets
Armour
 b - a +3 leather armour (worn)
 g - a +0 pair of boots (worn)
 r - the +1 pair of gloves of Knowledge (worn) {rC- Dex+7}
   (You found it on level 8 of the Dungeon)

   It affects your dexterity (+7).
   It makes you vulnerable to cold.
Magical Staves
 p - an uncursed staff of poison
 t - an uncursed staff of energy
Jewellery
 i - an amulet of faith (around neck)
 m - a +6 ring of slaying (left hand)
Wands
 o - a wand of polymorph (13)
 q - a wand of acid (3)
Scrolls
 c - a scroll of fear
 d - 12 scrolls of teleportation
 f - 5 scrolls of identify
 h - 4 scrolls of enchant weapon
 s - a scroll of blinking
 w - a scroll of brand weapon
Books
 k - a book of Frost

   Spells                             Type                      Level
   a - Freeze                         Ice                          1
   b - Throw Frost                    Conjuration/Ice              2
   c - Ozocubu's Armour               Charms/Ice                   3
   d - Throw Icicle                   Conjuration/Ice              4
   e - Summon Ice Beast               Ice/Summoning                4


   Skills:
 + Level 11.6 Fighting
 - Level 2.4 Axes
 + Level 3.9 Armour
 - Level 0.7 Dodging
 + Level 5.1 Spellcasting
 + Level 4.4 Evocations


You had 18 spell levels left.
You didn't know any spells.

Dungeon Overview and Level Annotations

Branches:
Dungeon (8/15)             Temple (1/1) D:7
   Lair: D:8-11

Altars:
Ashenzari
Cheibriados
Dithmenos
Elyvilon
Fedhas
Gozag
Hepliaklqana
Kikubaaqudgha
Makhleb
Nemelex Xobeh
Okawaru
Qazlal
Ru
Sif Muna
Trog
Uskayaw
Vehumet
Wu Jian
Xom
Yredelemnul
Zin
The Shining One

Shops:
D:4 %   D:5 :   D:6 [


Innate Abilities, Weirdness & Mutations

You do not eat or drink.
Your flesh is vulnerable to fire.
You are immune to poison.
Your flesh is cold resistant. (rC+)
You are immune to negative energy. (rN+++)
You are immune to unholy pain and torment.
You can survive without breathing.


Message History

You hit the jelly but do no damage.
Your hands burn!
* * * LOW HITPOINT WARNING * * *
The jelly is heavily wounded.
The jelly misses you.
You hit the jelly but do no damage.
Your hands burn!
* * * LOW HITPOINT WARNING * * *
The jelly is heavily wounded.
The jelly misses you.
You hit the jelly but do no damage.
Your hands burn!
* * * LOW HITPOINT WARNING * * *
The jelly is heavily wounded.
The jelly closely misses you.
You hit the jelly but do no damage.
Your hands burn!
* * * LOW HITPOINT WARNING * * *
The jelly is heavily wounded.
The jelly hits you.
* * * LOW HITPOINT WARNING * * *
You are splashed with acid!
The acid burns!
You die...
Xom laughs nastily!

....## ....# ....## ###..# ###
##.## ≈.## #..#### #####≈.#
##..#.# #...#..## ##...#∆
#JJ≈..# #...# #@..# #...##
##≈..# ##....#####≈...#
#.............#######
#....................
##.................... #...
#....%.......#########...#...#
#...........## #..#....
#).........## #...#...


You could see a jelly and an ooze.

Vanquished Creatures
  The ghost of RepoMan the Destroyer, a novice DrCj of Vehumet (D:6)
  A centaur skeleton (D:6)
  A hippogriff (D:8)
  A black bear (D:7)
  A hornet zombie (D:8)
  A sky beast (D:8)
  2 ogres (D:6)
  A phantom (D:6)
  2 centaurs
  Blork the orc (D:8)
  2 bullfrogs
  8 wights (D:8)
  A howler monkey (D:4)
  2 electric eels (D:8)
  2 crimson imps (D:5)
  2 bullfrog skeletons
  3 hounds
  A quasit (D:7)
  8 orc wizards
  4 orc priests
  5 jellies
  8 worker ants
  A worker ant zombie (D:6)
  4 gnolls (D:6)
  8 adders
  A shadow imp (D:6)
  5 oozes
  3 worms
  2 dart slugs
  16 orcs
  A ball python (D:6)
  5 bats
  4 giant cockroaches
  2 gnoll zombies (D:7)
  4 goblins
  4 hobgoblins
  6 jackals
  6 quokkas
  A ball python zombie (D:5)
  2 frilled lizards (D:4)
  8 kobolds
  4 rats
145 creatures vanquished.

Vanquished Creatures (others)
  The ghost of Worldyogurt the Cudgeler, an amateur DDFi of Makhleb (D:5)
  An orc wizard (D:8)
2 creatures vanquished.

Grand Total: 147 creatures vanquished

Notes
Turn   | Place    | Note
-------+----------+-------------------------------------------
     0 | D:1      | Fascinator the Mummy Chaos Knight began the quest for the Orb.
     0 | D:1      | Reached XP level 1. HP: 18/18 MP: 1/1
   181 | D:1      | XOM: harmless Air miscast
   409 | D:1      | XOM: 9-stop teleportation journey
   450 | D:1      | Reached XP level 2. HP: 24/24 MP: 2/2
   493 | D:1      | XOM: harmless Air miscast
   611 | D:1      | XOM: medium Air miscast
   720 | D:1      | XOM is BORED!
   720 | D:1      | XOM: mild Conj miscast
  1045 | D:2      | XOM: noise
  1059 | D:2      | Reached skill level 4 in Fighting
  1064 | D:2      | Reached XP level 3. HP: 11/30 MP: 3/3
  1650 | D:2      | XOM: cloud trail
  1820 | D:3      | XOM: harmless Erth miscast
  2014 | D:3      | Found a stormy altar of Qazlal.
  2076 | D:3      | Reached XP level 4. HP: 35/38 MP: 4/4
  2142 | D:3      | Reached skill level 5 in Fighting
  2418 | D:4      | XOM: butterfly on damage
  2648 | D:4      | XOM: summons friendly crimson imp
  2650 | D:4      | Reached XP level 5. HP: 17/46 MP: 5/5
  2908 | D:4      | Reached skill level 6 in Fighting
  2991 | D:4      | Found Niomig's Food Boutique.
  2993 | D:4      | XOM: divination: magic mapping
  3206 | D:4      | XOM: cloud trail
  3247 | D:5      | Entered Level 5 of the Dungeon
  3259 | D:5      | Noticed Worldyogurt's ghost (amateur DDFi)
  3268 | D:5      | XOM: butterfly on damage
  3275 | D:5      | HP: 1/47 [Worldyogurt's ghost (6)]
  3368 | D:4      | XOM: scenery: create altars
  3533 | D:4      | XOM: stat loss: -1 Str (15/16)
  3614 | D:4      | XOM: severe Air miscast
  3735 | D:5      | Reached XP level 6. HP: 45/53 MP: 6/6
  3797 | D:5      | Found a radiant altar of Vehumet.
  3798 | D:5      | Found a burning altar of Makhleb.
  3836 | D:5      | Found Yblauf's Book Boutique.
  3906 | D:5      | XOM: 8-stop teleportation journey
  4044 | D:5      | XOM: noise
  4064 | D:5      | XOM: confusion
  4071 | D:5      | XOM: harmless Tloc miscast
  4075 | D:5      | Killed Worldyogurt's ghost
  4075 | D:5      | Reached skill level 7 in Fighting
  4075 | D:5      | Reached skill level 1 in Evocations
  4075 | D:5      | XOM: divine lightning
  4383 | D:5      | XOM: confusion
  4541 | D:5      | XOM: swap monsters
  4542 | D:5      | XOM: enchant monster (bad)
  4551 | D:5      | Reached XP level 7. HP: 51/60 MP: 8/8
  4963 | D:6      | XOM: enchant monster (good)
  5005 | D:6      | XOM: stat loss: -1 Str (16/17)
  5056 | D:6      | XOM: harmless Conj miscast
  5115 | D:6      | Found a white marble altar of Elyvilon.
  5116 | D:6      | XOM: confusion
  5122 | D:6      | XOM: enchant monster (bad)
  5163 | D:6      | Reached skill level 8 in Fighting
  5238 | D:6      | XOM: harmless Necr miscast
  5241 | D:6      | XOM: 2-stop teleportation journey
  5251 | D:6      | Noticed RepoMan's ghost (novice DrCj)
  5276 | D:6      | XOM: confusion
  5294 | D:6      | Killed RepoMan's ghost
  5294 | D:6      | Reached skill level 9 in Fighting
  5294 | D:6      | Reached XP level 8. HP: 6/72 MP: 10/10
  5349 | D:6      | XOM: summons 4 hostile shadow creatures
  5372 | D:6      | HP: 3/72 [centaur/arrow[Xom] (12)]
  5542 | D:6      | XOM: mild Fire miscast
  5598 | D:6      | XOM: summons friendly crimson imp
  5602 | D:6      | Reached skill level 10 in Fighting
  5764 | D:6      | XOM: summons 4 hostile demons
  5765 | D:6      | XOM: medium Necr miscast
  5991 | D:6      | XOM: scenery: create altars
  6190 | D:6      | Found Joebai's Antique Armour Boutique.
  6486 | D:7      | Reached skill level 11 in Fighting
  6486 | D:7      | Reached skill level 1 in Spellcasting
  6611 | D:7      | Found a sacrificial altar of Ru.
  6614 | D:7      | XOM: harmless Pois miscast
  6617 | D:7      | Reached XP level 9. HP: 77/81 MP: 11/11
  6647 | D:7      | XOM: confusion
  6731 | D:7      | XOM: harmless Air miscast
  6754 | D:7      | XOM: cloud trail
  6792 | D:7      | Found a basalt altar of Yredelemnul.
  6913 | D:7      | Found a staircase to the Ecumenical Temple.
  7031 | D:7      | XOM: divination: magic mapping
  7077 | Temple   | Entered the Ecumenical Temple
  7283 | D:8      | XOM: enchant monster (good)
  7319 | D:8      | Noticed Blork the orc
  7321 | D:8      | XOM: enchant monster (good)
  7328 | D:8      | XOM: confuse monster(s)
  7329 | D:8      | Killed Blork the orc
  7332 | D:8      | Found a deep blue altar of Sif Muna.
  7347 | D:8      | XOM: cloud trail
  7707 | D:8      | XOM: god gift: whip {god gift}
  7811 | D:8      | Got a pair of distressingly furry gloves
  7817 | D:8      | Identified the +1 pair of gloves of Knowledge {rC- Dex+7} (You found it on level 8 of the Dungeon)
  7932 | D:8      | XOM: divination: magic mapping
  7982 | D:8      | XOM: god gift: long glowing staff {god gift}
  8293 | D:8      | XOM: confuse monster(s)
  8303 | D:8      | XOM: enchant monster (good)
  8320 | D:8      | XOM: noise
  8328 | D:8      | XOM: confuse monster(s)
  8612 | D:8      | Found a blossoming altar of Fedhas.
  8613 | D:8      | Found an ancient bone altar of Kikubaaqudgha.
  8617 | D:8      | XOM: divination: detect items
  9272 | D:8      | XOM: harmless Summ miscast
  9317 | D:8      | Found a shadowy altar of Dithmenos.
  9320 | D:8      | Found a glowing silver altar of Zin.
  9321 | D:8      | XOM: confuse monster(s)
  9473 | D:8      | XOM: mild Air miscast
  9482 | D:8      | Reached skill level 5 in Spellcasting
  9599 | D:8      | XOM: mild Necr miscast
  9735 | D:8      | XOM: divination: detect items
  9741 | D:8      | XOM: confuse monster(s)
  9760 | D:8      | Splashed by a jelly's acid

Skill      XL: |  1  2  3  4  5  6  7  8  9 |
---------------+----------------------------+-----
Fighting       | 4 5 6 7 9 11 | 11.6
Evocations     | 2 3 4 |  4.4
Spellcasting   | 1 5 |  5.1
Armour         | 2 3 |  3.9
Axes           | |  2.4
Dodging        | |  0.7

Action                   |  1- 3 |  4- 6 |  7- 9 || total
-------------------------+-------+-------+-------++-------
Melee: Hand axe          |   132 |    97 |    73 ||   302
       Spear             |       |       |   314 ||   314
Throw: Stone             |       |       |     4 ||     4
Evoke: Wand              |       |     3 |     5 ||     8
  Use: Scroll            |       |     8 |     4 ||    12
 Stab: Paralysed         |       |       |     3 ||     3
       Sleeping          |       |       |     1 ||     1
       Confused          |       |       |     1 ||     1
Armor: Leather armour    |    54 |    38 |   170 ||   262
Dodge: Dodged            |    76 |    48 |   250 ||   374
